 Dungeon Crawl Stone Soup version 0.29.1-2-gbd0b4ee654 (webtiles) character file.

Game seed: 16618159220684232443

301 safid the Shooter (level 6, -4/57 HPs)
             Began as a Minotaur Hunter on Nov 23, 2022.
             Slain by a gnoll bouda
             ... wielding a +0 whip
              (8 damage)
             ... on level 4 of the Dungeon.
             The game lasted 00:08:33 (4602 turns).

safid the Shooter (Minotaur Hunter)                 Turns: 4602, Time: 00:08:34

Health: -4/57      AC:  4    Str: 16      XL:     6   Next: 14%
Magic:  5/5        EV: 12    Int:  4 (6)  God:
Gold:   36         SH:  0    Dex: 15      Spells: 5/5 levels left

rFire   . . .      SeeInvis .   a - +0 shortbow
rCold   . . .      Faith    .   (shield currently unavailable)
rNeg    . . .      Spirit   .   c - +0 leather armour
rPois   .          Reflect  .   (helmet restricted)
rElec   .          Harm     .   f - +0 cloak
rCorr   .          Rampage  .   (no gloves)
Will    .....                   (no boots)
Stlth   +.........              (no amulet)
HPRegen 0.19/turn               (no ring)
MPRegen 0.09/turn               (no ring)

@: weak-willed, weakened
A: horns 2, retaliatory headbutt
a: no special abilities


You were on level 4 of the Dungeon.
You visited 1 branch of the dungeon, and saw 4 of its levels.

You collected 166 gold pieces.
You spent 130 gold pieces at shops.

Inventory:

Hand Weapons
 a - a +0 shortbow (weapon)
Missiles
 o - 2 throwing nets
Armour
 c - a +0 leather armour (worn)
 f - a +0 cloak (worn)
Jewellery
 t - the ring "Mycar" {rPois rC++ AC+4 Int-5 Stlth+}
   (You bought it in a shop on level 3 of the Dungeon)

   [ring of protection]

   AC:        It affects your AC (+4).
   Int:       It affects your intelligence (-5).
   rC:        It greatly protects you from cold.
   rPois:     It protects you from poison.
   Stlth:     It makes you more stealthy.
Wands
 q - a wand of mindburst (20)
Scrolls
 b - 3 scrolls of immolation
 d - 7 scrolls of identify {unknown}
 g - a scroll of poison {unknown}
 h - a scroll of teleportation {unknown}
 i - a scroll of blinking {unknown}
 k - a scroll of fog {unknown}
 m - a scroll of vulnerability
 s - 2 scrolls of enchant weapon {unknown}
 u - a scroll of magic mapping {unknown}
Potions
 e - a potion of ambrosia {unknown}
 j - a potion of might {unknown}
 l - 2 potions of curing
 n - a potion of haste {unknown}
 p - a potion of lignification {unknown}
 r - a potion of mutation {unknown}


   Skills:
 + Level 5.7 Fighting
 + Level 6.5 Ranged Weapons
 - Level 2.1 Dodging
 - Level 0.7 Stealth


You had 5 spell levels left.
You didn't know any spells.
Your spell library contained the following spells:

 Spells                   Type           Power      Damage    Failure   Level
 Necrotise                Necr           0%         1d4       56%         1
 Ensorcelled Hibernation  Hex/Ice        0%         N/A       71%         2
 Gell's Gravitas          Tloc           0%         N/A       91%         3
 Spider Form              Tmut/Pois      0%         N/A       91%         3
 Teleport Other           Tloc           0%         N/A       91%         3
 Vampiric Draining        Necr           0%         2d6       91%         3
 Anguish                  Hex/Necr       0%         N/A       100%        4
 Agony                    Necr           0%         N/A       100%        5
 Dispersal                Tloc           0%         N/A       100%        6


Dungeon Overview and Level Annotations

Branches:
Dungeon (4/15)
 Temple: D:4-7

Altars:
Dithmenos

Shops:
D:3 *


Innate Abilities, Weirdness & Mutations

You have a pair of horns on your head.
You reflexively headbutt those who attack you in melee.


Message History

The gnoll hits you from afar with a +0 spear.
The gnoll bouda barks out a call to the hunt!
The gnoll picks up the pace!
The gnoll closely misses you.
You are too injured to fight recklessly!
You are too injured to fight recklessly!
You are too injured to fight recklessly!
The gnoll bouda attacks as you move away!
The gnoll bouda hits you with a +0 whip!
* * * LOW HITPOINT WARNING * * *
You are too injured to fight recklessly!
You are too injured to fight recklessly!
You feel better.
The gnoll hits you from afar with a +0 halberd.
* * * LOW HITPOINT WARNING * * *
The gnoll bouda barely misses you. You furiously retaliate!
You headbutt the gnoll bouda.
Fire: a) +0 shortbow
Press: ? - help, Q - select action, (/) - cycle Shift-Dir - straight line, f/p - gnoll bouda
Aim: a gnoll bouda, wielding a +0 whip and wearing a +0 robe (severely wounded, 68% to hit)
You shoot an arrow.
The arrow hits the gnoll bouda but does no damage.
The gnoll bouda is severely wounded.
A gnoll comes into view. It is wielding a +0 spear.
The gnoll barely misses you.
The gnoll bouda hits you but does no damage.
Fire: a) +0 shortbow
Press: ? - help, Q - select action, (/) - cycle Shift-Dir - straight line, f/p - gnoll bouda
Aim: a gnoll bouda, wielding a +0 whip and wearing a +0 robe (severely wounded, 68% to hit)
You shoot an arrow. The arrow hits the gnoll bouda.
The gnoll bouda is almost dead.
The gnoll is no longer moving quickly. x2; The gnoll barely misses you.
The gnoll bouda prays to its god.
The gnoll bouda is healed somewhat.
As you read the scroll labelled BYREVO ULAORHY, it crumbles to dust.
Magic quickly surges around you.
It was a scroll of vulnerability.
The gnoll hits you from afar with a +0 halberd!
* * * LOW HITPOINT WARNING * * *
The gnoll bouda hits you with a +0 whip!
You die...

......###..#
#.##.### #..
.......#..#####.##.#
###.
#.#........[....##.#
.#
#.###.#.##########[#
# #. #.#.# #.# #.#.#
#.# # #.# # ######.#
#.#.#####ggg@..#
##........g######
.?......####
####.##.# # ...
##.#. #g#.#


gg. . ... .# You could see a gnoll bouda (weak-willed) and 3 gnolls.

Vanquished Creatures
  An orc priest (D:4)
  Jessica (D:2)
  Terence (D:2)
  Robin (D:2)
  8 adders
  5 gnolls
  A worm (D:3)
  3 dart slugs
  An orc (D:4)
  8 endoplasms
  4 giant cockroaches
  16 goblins
  7 hobgoblins
  5 kobolds
  2 quokkas
  3 ball pythons
  7 bats
  2 frilled lizards
  3 rats
79 creatures vanquished.

Vanquished Creatures (others)
  5 fungi (D:2)
  12 plants (D:2)
17 creatures vanquished.

Grand Total: 96 creatures vanquished

Notes
Turn   | Place    | Note
-------+----------+-------------------------------------------
     0 | D:1      | safid the Minotaur Hunter began the quest for the Orb.
     0 | D:1      | Reached XP level 1. HP: 18/18 MP: 0/0
   220 | D:1      | Reached XP level 2. HP: 25/25 MP: 1/1
  1093 | D:2      | Reached skill level 5 in Ranged Weapons
  1093 | D:2      | Reached XP level 3. HP: 13/31 MP: 2/2
  1561 | D:2      | Noticed Jessica
  1578 | D:2      | Killed Jessica
  1765 | D:2      | Reached XP level 4. HP: 40/40 MP: 3/3
  1799 | D:2      | Noticed Robin
  1845 | D:2      | Killed Robin
  2201 | D:2      | Noticed Terence
  2532 | D:2      | Killed Terence
  2533 | D:2      | Reached XP level 5. HP: 44/47 MP: 4/4
  2738 | D:2      | Found a faded altar of an unknown god.
  2915 | D:3      | Reached skill level 5 in Fighting
  2915 | D:3      | Reached skill level 6 in Ranged Weapons
  3039 | D:3      | Found a shadowy altar of Dithmenos.
  3314 | D:3      | Found Wolyt's Assorted Antiques.
  4111 | D:3      | Bought an ancient golden ring for 130 gold pieces
  4111 | D:3      | Identified the ring "Mycar" {rPois rC++ AC+4 Int-5 Stlth+}
                  | (You bought it in a shop on level 3 of the Dungeon)
  4321 | D:4      | Found the +7 staff of the Meek {protect, meekguard}
  4333 | D:4      | Reached XP level 6. HP: 30/57 MP: 5/5
  4602 | D:4      | Slain by a gnoll bouda

Illustrated notes

Levels and vault maps discovered:
D:1:      onia_arrival_mini_maze, layout_basic, minmay_pentomino_o2
D:2:      layout_basic, shapermc_ecumenical_altar_mp_ritualfount,
          kennysheep_big_empty_room, moated_statue, uniq_jessica, uniq_terence,
          uniq_robin
D:3:      layout_basic, nicolae_dithmenos_through_a_glass_darkly, serial_shops,
          nicolae_shop_stone
D:4:      cheibrodos_quashed, layout_loops_ring, pf_guarded_unrand_meek

Skill      XL: |  1  2  3  4  5 |
---------------+----------------+-----
Fighting       | 3 4 5 |  5.7
Ranged Weapons | 5 6 |  6.5
Dodging        | |  2.1
Stealth        | |  0.7

Action                   |  1- 3 |  4- 6 || total
-------------------------+-------+-------++-------
 Fire: Shortbow          |    81 |   181 ||   262
  Use: Potion            |       |     4 ||     4
       Scroll            |       |     2 ||     2
Armor: Leather armour    |     4 |    19 ||    23
Dodge: Dodged            |    17 |    76 ||    93
